 Dungeon Crawl Stone Soup version 0.29.1-2-gbd0b4ee654 (webtiles) character file.

Game seed: 13062090312329626369

147 Firos the Insei (level 5, 0/55 HPs)
             Began as an Octopode Transmuter on Nov 7, 2022.
             Succumbed to a scorpion's poison
             ... on level 3 of the Dungeon.
             The game lasted 00:09:01 (2284 turns).

Firos the Insei (Octopode Transmuter)               Turns: 2284, Time: 00:09:01

Health: 0/55       AC: 22    Str:  9    XL:     5   Next: 29%
Magic:  9/9        EV:  2    Int: 17    God:
Gold:   86         SH:  0    Dex: 13    Spells: 4/10 levels left

rFire   . . .      SeeInvis .     - Unarmed
rCold   . . .      Faith    .   (no shield)
rNeg    . . .      Spirit   .   (helmet currently unavailable)
rPois   +          Reflect  .   (no amulet)
rElec   .          Harm     .   (no ring)
rCorr   .          Rampage  .   (no ring)
Will    .....      NoTele   +   (no ring)
Stlth   +.........              (no ring)
HPRegen 0.00/turn               (no ring)
MPRegen 0.11/turn               (no ring)
                                (no ring)
                                (no ring)

@: lethally poisoned (0 -> -9), tree-form, inhibited regen
A: stationary, stasis, torment immunity, boosted hp, almost no armour,
(amphibious), 8 rings, (camouflage 1), (gelatinous body 1), (nimble swimmer 1),
(tentacles), robust 1, inhibited regeneration
a: no special abilities


You were on level 3 of the Dungeon.
You were a tree.
You visited 1 branch of the dungeon, and saw 3 of its levels.

You collected 86 gold pieces.

Inventory:

Scrolls
 b - 4 scrolls of identify
 d - a scroll of summoning {unknown}
 f - 2 scrolls of fog
 g - a scroll of enchant armour {unknown}
 i - a scroll of blinking {unknown}
 j - 2 scrolls of vulnerability {unknown}
Potions
 h - a potion of invisibility


   Skills:
 + Level 1.8 Fighting
 + Level 2.7 Dodging
 + Level 3.4 Unarmed Combat
 * Level 3.0 Spellcasting
 * Level 3.4 Transmutations


You had 4 spell levels left.
You knew the following spells:

 Your Spells              Type           Power      Damage    Failure   Level
a - Beastly Appendage     Tmut           28%        N/A       4%          1
b - Wereblood             Tmut           14%        N/A       6%          2
c - Spider Form           Tmut/Pois      8%         N/A       26%         3

Your spell library contained the following spells:

 Spells                   Type           Power      Damage    Failure   Level
 Apportation              Tloc           4%         N/A       17%         1
 Necrotise                Necr           8%         1d4       17%         1
 Summon Small Mammal      Summ           8%         N/A       17%         1
 Gell's Gravitas          Tloc           2%         N/A       45%         3
 Lesser Beckoning         Tloc           2%         N/A       45%         3
 Teleport Other           Tloc           2%         N/A       45%         3
 Ice Form                 Ice/Tmut       8%         N/A       65%         4


Dungeon Overview and Level Annotations

Branches:
Dungeon (3/15)

Altars:

Shops:
D:1 *[(


Innate Abilities, Weirdness & Mutations

You are a tree.
Your roots penetrate the ground, keeping you stationary.
You cannot be teleported.
You are immune to unholy pain and torment.
Your maximum health is greatly increased.
You cannot wear most types of armour.
((You are amphibious.))
You can wear up to eight rings at the same time.
((Your skin changes colour to match your surroundings (Stealth+).))
((Your rubbery body absorbs attacks. (AC +1, EV +1)))
((You are camouflaged when in or above water. (Stealth+)))
((You have tentacles for arms and can constrict up to eight enemies at once.))
You are robust. (+10% HP)
You do not regenerate when monsters are visible.


Message History

You squeeze the scorpion, but do no damage.
The scorpion is lightly wounded.
You constrict the scorpion. The scorpion closely misses you.
You tentacle-slap the scorpion.
You pierce the scorpion, but do no damage.
You squeeze the scorpion.
The scorpion is heavily wounded.
You constrict the scorpion, but do no damage.
The scorpion stings you.
You tentacle-slap the scorpion but do no damage.
You pierce the scorpion, but do no damage.
The scorpion is heavily wounded.
You constrict the scorpion, but do no damage.
The scorpion stings you.
You are too injured to fight recklessly!
You tentacle-slap the scorpion but do no damage.
You squeeze the scorpion, but do no damage.
The scorpion is heavily wounded.
Your transformation is almost over.
You constrict the scorpion. The scorpion stings you!
* * * LOW HITPOINT WARNING * * *
You are lethally poisoned!
The scorpion poisons you!
It was a potion of mutation.
You feel extremely strange.
Your regeneration stops near monsters.
You feel robust.
You constrict the scorpion.
* * * LOW HITPOINT WARNING * * *
You feel very sick. The scorpion barely misses you.
Really quaff the potion of lignification?
Your tentacle spike disappears.
You turn into a tree.
Your roots penetrate the ground.
You lose your grip on the scorpion.
* * * LOW HITPOINT WARNING * * *
You feel very sick. The scorpion stings you.
* * * LOW HITPOINT WARNING * * *
You hit the scorpion.
The scorpion is almost dead.
You die...

. #..†.................. ..
#..##....##.)###.#####
..##.....................
......##..#.##...........
..........)..#.!.......##.
.###..#...##..............
#.~P♣..##.............
.###.~.P~.##....)..#....
.....~~~.......s♣..#.####..
.######....................
.### #....................
....###...#####.#>..###$...
......)#+## #.....# #..
.♣.~~....# ..........
.~~.~~~#.# ...........
.~s~~~~...+ ...........
♣.~~≈~~..## ...........


You could see a scorpion.

Vanquished Creatures
  Terence (D:3)
  5 adders
  2 dart slugs
  3 ball pythons
  8 bats
  5 endoplasms
  2 giant cockroaches
  9 goblins
  12 hobgoblins
  8 jackals
  A quokka (D:2)
  3 frilled lizards
  5 kobolds
64 creatures vanquished.

Vanquished Creatures (others)
  3 plants (D:3)
3 creatures vanquished.

Grand Total: 67 creatures vanquished

Notes
Turn   | Place    | Note
-------+----------+-------------------------------------------
     0 | D:1      | Firos the Octopode Transmuter began the quest for the Orb.
     0 | D:1      | Reached XP level 1. HP: 13/13 MP: 3/3
     4 | D:1      | Noticed an electric eel
     5 | D:1      | Noticed an electric eel
    85 | D:1      | Reached XP level 2. HP: 18/18 MP: 3/5
   230 | D:1      | Learned a level 2 spell: Wereblood
   236 | D:1      | Found Dogymoi's Antique Weapon Emporium.
   464 | D:1      | Found Uhisch's Antique Armour Boutique.
   737 | D:1      | Found Haoruh's Assorted Antiques.
   760 | D:1      | Reached XP level 3. HP: 21/23 MP: 6/6
   764 | D:1      | Learned a level 3 spell: Spider Form
   867 | D:1      | Found a faded altar of an unknown god.
  1424 | D:2      | Reached XP level 4. HP: 16/28 MP: 5/7
  2094 | D:3      | Reached XP level 5. HP: 25/34 MP: 7/9
  2128 | D:3      | Noticed Terence
  2143 | D:3      | Killed Terence
  2282 | D:3      | Gained mutation: You do not regenerate when monsters are
                  | visible. [potion of mutation]
  2282 | D:3      | Gained mutation: You are robust. (+10% HP) [potion of
                  | mutation]
  2283 | D:3      | HP: 2/55 [scorpion (3)]
  2284 | D:3      | Succumbed to a scorpion's poison

Illustrated notes

Levels and vault maps discovered:
D:1:      arrival_aquarium_b, layout_basic,
          shapermc_ecumenical_altar_hornbeckon, serial_shops, shop, shop, shop,
          minmay_misc_feat_room
D:2:      wander_river, layout_rooms, grunt_ministairs_8
D:3:      layout_basic, serial_bayou, serial_bayou_pond_a, serial_bayou_ford_a,
          serial_bayou_pond_c, serial_bayou_pond_b, serial_bayou_pond_e,
          uniq_terence

Skill      XL: |  1  2  3  4  5 |
---------------+----------------+-----
Transmutations | 3 |  3.4
Spellcasting   | 3 |  3.0
Fighting       | |  1.8
Dodging        | |  2.7
Unarmed Combat | |  3.4

Action                   |  1- 3 |  4- 6 || total
-------------------------+-------+-------++-------
Melee: Unarmed           |    83 |    81 ||   164
       Constrict         |    25 |    25 ||    50
       Kick              |    10 |    17 ||    27
       Tentacles         |    17 |    17 ||    34
       Punch             |     3 |       ||     3
 Cast: Beastly Appendage |    11 |     7 ||    18
       Wereblood         |     1 |     1 ||     2
  Use: Scroll            |     1 |     2 ||     3
       Potion            |       |     5 ||     5
 Stab: Sleeping          |     6 |     1 ||     7
       Invisible         |       |     1 ||     1
Armor: Skin              |    10 |     7 ||    17
Dodge: Dodged            |    55 |    44 ||    99
